[Event "GambitGuide"]
[Site "Internet Chess Club"]
[Date "2014.10.31"]
[Round "1"]
[White "JSBach"]
[Black "Punto-Medio"]
[Result "1/2-1/2"]
[ICCResult "Game drawn by repetition"]
[WhiteElo "1651"]
[BlackElo "2087"]
[Opening "Vienna: `Frankenstein-Dracula' variation"]
[ECO "C27"]
[NIC "VG.02"]
[Time "16:27:45"]
[TimeControl "120+12"]

1. e4 e5 2. Nc3 Nf6 3. Bc4 Nxe4 4. Qh5 Nd6 5. Bb3 Nc6 6. Nb5 g6 7. Qf3 f5 8.
Qd5 Qe7 9. Nxc7+ Kd8 10. Nxa8 b6 11. d3 Nb4 12. Bg5 Qxg5 13. Qxe5 Qxg2 14.
Qxh8 Qxa8 15. Qxf8+ Kc7 16. f3 a5 17. a3 Nd5 18. Qg7 Ne3 19. Qe7 f4 20. Ba4
Qd5 21. Qxh7 b5 22. Bb3 Qd4 23. Rb1 a4 24. Ne2 Qf6 25. Bg8 Nxc2+ 26. Kd2 Ne3
27. Rhc1+ Kb6 28. Qh6 Nef5 29. Qxf4 Bb7 30. Kd1 Qh4 31. Qxh4 Nxh4 32. f4
Ndf5 33. Bf7 Nd6 34. Bg8 Ndf5 35. Bf7 Ne3+ 36. Kd2 Nef5 37. Ra1 Nd6 38. Ba2
Ndf5 39. Bf7 Nd6 40. Bg8 Ndf5 41. Bf7 Nd6 42. Bg8 Ndf5 43. Bf7 Nd6 44. Bg8
{Game drawn by repetition}
1/2-1/2

[Event "GambitGuide"]
[Site "Internet Chess Club"]
[Date "2014.10.31"]
[Round "1"]
[White "JSBach"]
[Black "Smashandgrab"]
[Result "0-1"]
[ICCResult "White checkmated"]
[WhiteElo "1682"]
[BlackElo "1457"]
[Opening "Vienna: `Frankenstein-Dracula' variation"]
[ECO "C27"]
[NIC "VG.02"]
[Time "16:29:07"]
[TimeControl "120+12"]

1. e4 e5 2. Nc3 Nf6 3. Bc4 Nxe4 4. Qh5 Nd6 5. Bb3 Nc6 6. Nb5 g6 7. Qf3 f5 8.
Qd5 Qe7 9. Nxc7+ Kd8 10. Nxa8 b6 11. d3 Bg7 12. Nh3 Bb7 13. Bg5 Bf6 14. Nxb6
axb6 15. g3 Nd4 16. Qxb7 Nxb7 17. Be3 Nc5 18. O-O Ncxb3 19. axb3 Ke8 20.
Ra8+ Kf7 21. Ra7 Nxc2 22. Bxb6 Rb8 23. Ba5 Rxb3 24. Bc3 e4 25. Bxf6 Kxf6 26.
Nf4 Kf7 27. dxe4 fxe4 28. Rd1 Ke8 29. Rdxd7 Qxd7 30. Rxd7 Kxd7 31. Nd5 Rxb2
32. Nf6+ Ke6 33. Nxe4 Nd4 34. Ng5+ Kf6 35. Nxh7+ Kf5 36. Kg2 Rb8 37. h4 Ne6
38. f4 Rh8 39. Ng5 Nxg5 40. fxg5 Ra8 41. Kf3 Ra4 42. Kf2 Kg4 43. Kg2 Ra2+
44. Kh1 Kxg3 45. Kg1 Ra1# {White checkmated} 0-1

[Event "GambitGuide"]
[Site "Internet Chess Club"]
[Date "2014.10.31"]
[Round "1"]
[White "JSBach"]
[Black "nsideurheadbro"]
[Result "1-0"]
[ICCResult "Black resigns"]
[WhiteElo "1682"]
[BlackElo "1184"]
[Opening "Vienna: `Frankenstein-Dracula' variation"]
[ECO "C27"]
[NIC "VG.02"]
[Time "16:27:59"]
[TimeControl "120+12"]

1. e4 e5 2. Nc3 Nf6 3. Bc4 Nxe4 4. Qh5 Nd6 5. Bb3 Nc6 6. Nb5 g6 7. Qf3 f5 8.
Qd5 Qe7 9. Nxc7+ Kd8 10. Nxa8 b6 11. d3 Bb7 12. Nxb6 axb6 13. Qf3 f4 14. Bd2
Nd4 15. Qg4 g5 16. Bb4 h5 17. Bxd6 Qxd6 18. Qxg5+ Be7 19. Qg7 Rf8 20. f3
Nxb3 21. axb3 e4 22. fxe4 Bh4+ 23. Kf1 Bf6 24. Qg6 h4 25. Nf3 h3 26. gxh3
Qe6 27. Ng5 Bxg5 28. Qxg5+ Kc7 29. Qg4 Qe5 30. c3 f3 31. Qg3 d6 32. h4 Qh5
33. Qg7+ Rf7 34. Qg5 Rh7 35. Qxh5 Rxh5 36. Kf2 Rxh4 37. Kg3 Rh7 38. Raf1 d5
39. e5 Kd7 40. d4 Rg7+ 41. Kxf3 Rh7 42. h4 Rh5 43. Kg4 Rh7 44. h5 Rh6 45.
Rf7+ Kc8 46. Rf6 Rh7 47. Rxb6 {Black resigns} 1-0

[Event "GambitGuide"]
[Site "Internet Chess Club"]
[Date "2014.10.31"]
[Round "1"]
[White "JSBach"]
[Black "Punto-Medio"]
[Result "1-0"]
[ICCResult "Black resigns"]
[WhiteElo "1682"]
[BlackElo "2087"]
[Opening "Vienna: `Frankenstein-Dracula' variation"]
[ECO "C27"]
[NIC "VG.02"]
[Time "16:30:23"]
[TimeControl "120+12"]

1. e4 e5 2. Nc3 Nf6 3. Bc4 Nxe4 4. Qh5 Nd6 5. Bb3 Nc6 6. Nb5 g6 7. Qf3 f5 8.
Qd5 Qe7 9. Nxc7+ Kd8 10. Nxa8 b6 11. d3 Nb4 12. Bg5 Qxg5 13. Qxe5 Bg7 14.
Qxg7 Re8+ 15. Kf1 Bb7 16. Nf3 Qf4 17. Ba4 Nc6 18. Bxc6 Bxc6 19. Qf6+ Kc8 20.
Qc3 Kb7 21. Nxb6 axb6 22. Nd4 Bd5 23. Qb4 Qg5 24. Rg1 Kc7 25. c4 Bc6 26. c5
bxc5 27. Qxc5 Nb7 28. Qb4 Ra8 29. h4 Qf4 30. Nb5+ Bxb5 31. Qxf4+ {Black
resigns} 1-0

[Event "GambitGuide"]
[Site "Internet Chess Club"]
[Date "2014.10.31"]
[Round "1"]
[White "JSBach"]
[Black "gonesailing"]
[Result "1-0"]
[ICCResult "Black resigns"]
[WhiteElo "1682"]
[BlackElo "1337"]
[Opening "Vienna: `Frankenstein-Dracula' variation"]
[ECO "C27"]
[NIC "VG.02"]
[Time "16:30:16"]
[TimeControl "120+12"]

1. e4 e5 2. Nc3 Nf6 3. Bc4 Nxe4 4. Qh5 Nd6 5. Bb3 Nc6 6. Nb5 g6 7. Qf3 f5 8.
Qd5 Qe7 9. Nxc7+ Kd8 10. Nxa8 b6 11. d3 Bb7 12. Nxb6 axb6 13. Qf3 e4 14.
dxe4 fxe4 15. Qe3 Nf5 16. Qxb6+ Kc8 17. Bd5 Nfd4 18. Bxc6 Nxc6 19. c4 Bg7
20. Ne2 Rf8 21. Bf4 Ne5 22. O-O g5 23. Bxe5 Bxe5 24. Rfd1 e3 25. Qxe3 Qf6
26. Qc5+ Kb8 27. Rxd7 Bxb2 28. Qc7+ {Black resigns} 1-0

[Event "GambitGuide"]
[Site "Internet Chess Club"]
[Date "2014.10.31"]
[Round "1"]
[White "JSBach"]
[Black "Punto-Medio"]
[Result "1-0"]
[ICCResult "Black resigns"]
[WhiteElo "1682"]
[BlackElo "2087"]
[Opening "Vienna: `Frankenstein-Dracula' variation"]
[ECO "C27"]
[NIC "VG.02"]
[Time "16:32:03"]
[TimeControl "120+12"]

1. e4 e5 2. Nc3 Nf6 3. Bc4 Nxe4 4. Qh5 Nd6 5. Bb3 Nc6 6. Nb5 g6 7. Qf3 f5 8.
Qd5 Qe7 9. Nxc7+ Kd8 10. Nxa8 b6 11. d3 h6 12. Ba4 Nb4 13. Qb3 Nb7 14. a3
Nc6 15. Nxb6 axb6 16. Qxb6+ Ke8 17. Bxc6 dxc6 18. Qxc6+ Qd7 19. Qxg6+ Kd8
20. Qf6+ Kc7 21. Qxe5+ {Black resigns} 1-0

[Event "GambitGuide"]
[Site "Internet Chess Club"]
[Date "2014.10.31"]
[Round "1"]
[White "JSBach"]
[Black "Punto-Medio"]
[Result "0-1"]
[ICCResult "White checkmated"]
[WhiteElo "1698"]
[BlackElo "2087"]
[Opening "Vienna: `Frankenstein-Dracula' variation"]
[ECO "C27"]
[NIC "VG.02"]
[Time "16:32:50"]
[TimeControl "120+12"]

1. e4 e5 2. Nc3 Nf6 3. Bc4 Nxe4 4. Qh5 Nd6 5. Bb3 Nc6 6. Nb5 g6 7. Qf3 f5 8.
Qd5 Qe7 9. Nxc7+ Kd8 10. Nxa8 b6 11. d3 Bg7 12. Nh3 Nb4 13. Bg5 Bf6 14. Bxf6
Qxf6 15. Qf3 Bb7 16. Qg3 Bxa8 17. Ng5 Bd5 18. Bxd5 Nxd5 19. Qf3 Nc7 20. Qg3
h6 21. Nf3 e4 22. Qe5 Rf8 23. Qxf6+ Rxf6 24. Ne5 Re6 25. d4 Ndb5 26. O-O-O
Nxd4 27. Nf7+ Ke7 28. Rxd4 Kxf7 29. Rxd7+ Re7 30. Rhd1 Ne6 31. c4 Nc5 32.
Rxe7+ Kxe7 33. Kc2 Ke6 34. h4 g5 35. h5 f4 36. Re1 Kf5 37. Rd1 Kg4 38. Rh1
e3 39. b4 exf2 40. bxc5 bxc5 41. Rf1 Kg3 42. Kd1 f3 43. gxf3 Kxf3 44. a3 g4
45. Kc2 g3 46. Rd1 g2 47. Rd3+ Ke4 48. Rd7 f1=Q 49. Re7+ Kd4 50. Rg7 Kxc4
51. Rg6 Qe2+ 52. Kc1 Qe3+ 53. Kc2 g1=Q 54. Rxg1 Qxg1 55. a4 Qf2+ 56. Kd1 Kd3
57. Kc1 Qc2# {White checkmated} 0-1

[Event "GambitGuide"]
[Site "Internet Chess Club"]
[Date "2014.10.31"]
[Round "1"]
[White "JSBach"]
[Black "fishhead"]
[Result "1-0"]
[ICCResult "Black resigns"]
[WhiteElo "1698"]
[BlackElo "1597"]
[Opening "Vienna: `Frankenstein-Dracula' variation"]
[ECO "C27"]
[NIC "VG.02"]
[Time "16:35:06"]
[TimeControl "120+12"]

1. e4 e5 2. Nc3 Nf6 3. Bc4 Nxe4 4. Qh5 Nd6 5. Bb3 Nc6 6. Nb5 g6 7. Qf3 f5 8.
Qd5 Qe7 9. Nxc7+ Kd8 10. Nxa8 b6 11. d3 Bb7 12. Nxb6 axb6 13. Qf3 e4 14. Qe3
Bg7 15. Qxb6+ Kc8 16. Ne2 exd3 17. cxd3 Re8 18. Be3 f4 19. Nxf4 Nf5 20. Nd5
Qd6 21. Rc1 Bxb2 22. O-O Bxc1 23. Rxc1 Nxe3 24. fxe3 Kb8 25. Bc4 Ne5 26.
Qxd6+ {Black resigns} 1-0

[Event "GambitGuide"]
[Site "Internet Chess Club"]
[Date "2014.10.31"]
[Round "1"]
[White "JSBach"]
[Black "luckypawns"]
[Result "0-1"]
[ICCResult "White checkmated"]
[WhiteElo "1713"]
[BlackElo "1815"]
[Opening "Vienna: `Frankenstein-Dracula' variation"]
[ECO "C27"]
[NIC "VG.02"]
[Time "16:34:40"]
[TimeControl "120+12"]

1. e4 e5 2. Nc3 Nf6 3. Bc4 Nxe4 4. Qh5 Nd6 5. Bb3 Nc6 6. Nb5 g6 7. Qf3 f5 8.
Qd5 Qe7 9. Nxc7+ Kd8 10. Nxa8 b6 11. d3 Bb7 12. Nxb6 axb6 13. Qf3 Nd4 14.
Qg3 Bg7 15. Bg5 Bf6 16. Bxf6 Qxf6 17. Ba4 b5 18. Bb3 h5 19. c3 g5 20. cxd4
f4 21. Qh3 g4 22. Rc1 gxh3 23. Nxh3 Bxg2 24. Rf1 Bxh3 25. Rg1 exd4 26. Kd1
Bg4+ 27. Kd2 Re8 28. Bd1 Qe7 29. Rc2 Bxd1 30. Kxd1 Nf5 31. Rf1 Nh4 32. Rg1
Nf3 33. Rd2 Nxg1 34. a4 bxa4 35. Kc1 Nf3 36. Rd1 Qc5+ 37. Kb1 Qb4 38. h4
Nd2+ 39. Ka1 Nb3+ 40. Ka2 Re2 41. Kb1 Nd2+ 42. Ka1 a3 43. Rxd2 Rxd2 44. b3
Qc3+ 45. Kb1 Qb2# {White checkmated} 0-1

[Event "GambitGuide"]
[Site "Internet Chess Club"]
[Date "2014.10.31"]
[Round "1"]
[White "JSBach"]
[Black "Heian"]
[Result "1-0"]
[ICCResult "Black checkmated"]
[WhiteElo "1694"]
[BlackElo "1548"]
[Opening "Vienna: `Frankenstein-Dracula' variation"]
[ECO "C27"]
[NIC "VG.02"]
[Time "16:35:38"]
[TimeControl "120+12"]

1. e4 e5 2. Nc3 Nf6 3. Bc4 Nxe4 4. Qh5 Nd6 5. Bb3 Nc6 6. Nb5 g6 7. Qf3 f5 8.
Qd5 Qe7 9. Nxc7+ Kd8 10. Nxa8 b6 11. d3 Bb7 12. Nxb6 axb6 13. Qf3 Kc7 14.
Bd2 Bg7 15. Bc3 Nd4 16. Qg3 f4 17. Qg4 N6f5 18. Rc1 Qf6 19. a3 d6 20. Bc4 h5
21. Qh3 g5 22. Bxd4 Nxd4 23. Ne2 g4 24. c3 Nxe2 25. Qxh5 Rxh5 26. Kxe2 f3+
27. Kd1 fxg2 28. Rg1 Qf3+ 29. Ke1 e4 30. d4 e3 31. Rc2 Bh6 32. Rxg2 exf2+
33. Rgxf2 Qh1+ 34. Rf1 Qe4+ 35. Kd1 Qe3 36. Rf7+ Kb8 37. d5 Rh3 38. Rf6 Rf3
39. Re6 Qg1+ 40. Re1 Qc5 41. Re8+ Ka7 42. Re4 Bxd5 43. b4 Qc6 44. Re7+ Kb8
45. Rh7 Bxc4 46. Rh8+ Ka7 47. Rh7+ Ka6 48. b5+ Kxb5 49. Rb2+ Ka4 50. Ra7+
Ba6 51. Rxa6# {Black checkmated} 1-0

[Event "GambitGuide"]
[Site "Internet Chess Club"]
[Date "2014.10.31"]
[Round "1"]
[White "JSBach"]
[Black "Sandro"]
[Result "1-0"]
[ICCResult "Black resigns"]
[WhiteElo "1694"]
[BlackElo "1349"]
[Opening "Vienna: `Frankenstein-Dracula' variation"]
[ECO "C27"]
[NIC "VG.02"]
[Time "16:37:56"]
[TimeControl "120+12"]

1. e4 e5 2. Nc3 Nf6 3. Bc4 Nxe4 4. Qh5 Nd6 5. Bb3 Nc6 6. Nb5 g6 7. Qf3 f5 8.
Qd5 Qe7 9. Nxc7+ Kd8 10. Nxa8 b6 11. d3 Nd4 12. h4 Bg7 13. Bg5 Bf6 14. Bxf6
Qxf6 15. O-O-O g5 16. hxg5 Qxg5+ 17. Rd2 Qxg2 18. Qxg2 {Black resigns} 1-0

[Event "GambitGuide"]
[Site "Internet Chess Club"]
[Date "2014.10.31"]
[Round "1"]
[White "JSBach"]
[Black "Heian"]
[Result "1-0"]
[ICCResult "Black resigns"]
[WhiteElo "1694"]
[BlackElo "1548"]
[Opening "Vienna: `Frankenstein-Dracula' variation"]
[ECO "C27"]
[NIC "VG.02"]
[Time "16:38:08"]
[TimeControl "120+12"]

1. e4 e5 2. Nc3 Nf6 3. Bc4 Nxe4 4. Qh5 Nd6 5. Bb3 Nc6 6. Nb5 g6 7. Qf3 f5 8.
Qd5 Qe7 9. Nxc7+ Kd8 10. Nxa8 b6 11. d3 Bb7 12. Nxb6 axb6 13. Qf3 Kc7 14.
Bd2 Bg7 15. c3 Nd4 16. Qg3 f4 17. Qg4 N4f5 18. Nf3 Qf6 19. d4 Bxf3 20. Qxf3
g5 21. Rc1 e4 22. Qe2 Re8 23. O-O Nh4 24. Qh5 Re7 25. Qxh7 Ndf5 26. Qh5 Bf8
27. Rce1 Rh7 28. Qxh7 f3 29. g3 Ng2 30. Rxe4 g4 31. Be6 Be7 32. Bxf5
{Black resigns}
1-0

[Event "GambitGuide"]
[Site "Internet Chess Club"]
[Date "2014.10.31"]
[Round "1"]
[White "JSBach"]
[Black "fishhead"]
[Result "1-0"]
[ICCResult "Black resigns"]
[WhiteElo "1694"]
[BlackElo "1597"]
[Opening "Vienna: `Frankenstein-Dracula' variation"]
[ECO "C27"]
[NIC "VG.02"]
[Time "16:38:00"]
[TimeControl "120+12"]

1. e4 e5 2. Nc3 Nf6 3. Bc4 Nxe4 4. Qh5 Nd6 5. Bb3 Nc6 6. Nb5 g6 7. Qf3 f5 8.
Qd5 Qe7 9. Nxc7+ Kd8 10. Nxa8 b6 11. d3 Bb7 12. Nxb6 axb6 13. Qf3 Nd4 14.
Qg3 f4 15. Qg4 N6f5 16. Ne2 Nxb3 17. axb3 Qe6 18. Ra7 Kc8 19. Bd2 h5 20. Qh3
g5 21. f3 Bg7 22. b4 Kb8 23. Ra3 Qg6 24. O-O g4 25. Nxf4 exf4 26. fxg4 hxg4
27. Bxf4+ Kc8 28. Qxh8+ Bxh8 29. Rb3 Nh4 30. Bg3 Nxg2 31. Rf8+ {Black
resigns} 1-0

[Event "GambitGuide"]
[Site "Internet Chess Club"]
[Date "2014.10.31"]
[Round "1"]
[White "JSBach"]
[Black "luckypawns"]
[Result "0-1"]
[ICCResult "White checkmated"]
[WhiteElo "1694"]
[BlackElo "1815"]
[Opening "Vienna: `Frankenstein-Dracula' variation"]
[ECO "C27"]
[NIC "VG.02"]
[Time "16:37:23"]
[TimeControl "120+12"]

1. e4 e5 2. Nc3 Nf6 3. Bc4 Nxe4 4. Qh5 Nd6 5. Bb3 Nc6 6. Nb5 g6 7. Qf3 f5 8.
Qd5 Qe7 9. Nxc7+ Kd8 10. Nxa8 b6 11. d3 Bb7 12. Nxb6 axb6 13. Qf3 Nd4 14.
Qg3 Bg7 15. Bg5 Bf6 16. Bxf6 Qxf6 17. Ba4 b5 18. Bb3 h5 19. c3 g5 20. cxd4
f4 21. Qh3 g4 22. Rc1 gxh3 23. Nxh3 Bxg2 24. Rg1 Bxh3 25. d5 Bf5 26. Kd2 e4
27. Bc2 exd3 28. Bxd3 Qd4 29. Ke1 Bxd3 30. Rc3 Re8+ 31. Kd1 Re2 32. Rg8+ Ke7
33. Rg1 Bb1+ 34. Kxe2 Nc4 35. d6+ Nxd6 36. Re1 Kf6 37. a4 bxa4 38. Rd1 Qe5+
39. Kf1 Be4 40. Rc7 Bf5 41. Rc3 Ne4 42. Rcd3 Qc5 43. Rf3 Qc2 44. Ke1 Qxb2
45. Rxf4 a3 46. Rxe4 Bxe4 47. f3 Bxf3 48. Rd2 Qc1+ 49. Kf2 Qxd2+ 50. Kxf3 a2
51. h3 a1=Q 52. h4 Qf1+ 53. Kg3 Qdf4# {White checkmated} 0-1

[Event "GambitGuide"]
[Site "Internet Chess Club"]
[Date "2014.10.31"]
[Round "1"]
[White "JSBach"]
[Black "leonardoalmeida"]
[Result "0-1"]
[ICCResult "White checkmated"]
[WhiteElo "1694"]
[BlackElo "1834"]
[Opening "Vienna: `Frankenstein-Dracula' variation"]
[ECO "C27"]
[NIC "VG.02"]
[Time "16:37:59"]
[TimeControl "120+12"]

1. e4 e5 2. Nc3 Nf6 3. Bc4 Nxe4 4. Qh5 Nd6 5. Bb3 Nc6 6. Nb5 g6 7. Qf3 f5 8.
Qd5 Qe7 9. Nxc7+ Kd8 10. Nxa8 b6 11. d3 Bb7 12. Nxb6 axb6 13. Qf3 Nd4 14.
Qg3 f4 15. Qg4 Qf6 16. Ba4 Bc6 17. Bb3 h5 18. Qh3 g5 19. f3 Be7 20. Bd2 Qg7
21. Bb4 g4 22. fxg4 hxg4 23. Qxh8+ Qxh8 24. Kf1 f3 25. gxf3 Nxf3 26. Nxf3
Bxf3 27. Kg1 Bxh1 28. Bxd6 Bxd6 29. Kxh1 g3 30. h4 Qxh4+ 31. Kg2 Qh2+ 32.
Kf3 Qf2+ 33. Kg4 g2 34. c3 g1=Q+ 35. Rxg1 Qxg1+ 36. Kf3 Qh2 37. Ke3 Qxb2 38.
c4 Bc5+ 39. Ke4 Ke7 40. Kf3 Kf6 41. d4 Qxd4 42. Kg3 Qf4+ 43. Kh3 e4 44. Kg2
e3 45. Bd1 Qf2+ 46. Kh3 Qg1 47. Be2 Ke5 48. a3 Kd4 49. a4 Kc3 50. Bf3 Kxc4
51. Bb7 Kc3 52. Ba6 Kd2 53. Kh4 e2 54. Bxe2 Kxe2 55. Kh3 Kf3 56. Kh4 Qg4#
{White checkmated}
0-1

[Event "GambitGuide"]
[Site "Internet Chess Club"]
[Date "2014.10.31"]
[Round "1"]
[White "JSBach"]
[Black "JefferyChess"]
[Result "1-0"]
[ICCResult "Black resigns"]
[WhiteElo "1694"]
[BlackElo "1400"]
[Opening "Vienna: `Frankenstein-Dracula' variation"]
[ECO "C27"]
[NIC "VG.02"]
[Time "16:39:35"]
[TimeControl "120+12"]

1. e4 e5 2. Nc3 Nf6 3. Bc4 Nxe4 4. Qh5 Nd6 5. Bb3 Nc6 6. Nb5 g6 7. Qf3 f5 8.
Qd5 Qe7 9. Nxc7+ Kd8 10. Nxa8 b6 11. d3 Bb7 12. Nxb6 axb6 13. Qf3 Kc7 14. c3
Nd4 15. Qg3 Nxb3 16. axb3 Bg7 17. Nf3 f4 18. Qh3 Qe6 19. Qxe6 dxe6 20. Ke2
Rf8 21. Ng5 {Black resigns} 1-0

[Event "GambitGuide"]
[Site "Internet Chess Club"]
[Date "2014.10.31"]
[Round "1"]
[White "JSBach"]
[Black "Heian"]
[Result "1-0"]
[ICCResult "Black resigns"]
[WhiteElo "1694"]
[BlackElo "1548"]
[Opening "Vienna: `Frankenstein-Dracula' variation"]
[ECO "C27"]
[NIC "VG.02"]
[Time "16:39:56"]
[TimeControl "120+12"]

1. e4 e5 2. Nc3 Nf6 3. Bc4 Nxe4 4. Qh5 Nd6 5. Bb3 Nc6 6. Nb5 g6 7. Qf3 f5 8.
Qd5 Qe7 9. Nxc7+ Kd8 10. Nxa8 b6 11. d3 Bb7 12. Nxb6 axb6 13. Qf3 Kc7 14. c3
Bg7 15. Bd5 e4 16. dxe4 Nxe4 17. Bf4+ Be5 18. Ne2 Bxf4 19. Qxf4+ d6 20. Rd1
Ne5 21. Bxb7 Kxb7 22. f3 Nc5 23. Qd4 Rd8 24. Qd5+ Nc6 25. Kf2 Kc7 26. b4 Nd7
27. b5 Nce5 28. Rhe1 Nf6 29. Qd4 Nfd7 30. Kg1 Qf6 31. Nf4 Nc5 32. Nd5+
{Black resigns}
1-0

[Event "GambitGuide"]
[Site "Internet Chess Club"]
[Date "2014.10.31"]
[Round "1"]
[White "JSBach"]
[Black "pierredams"]
[Result "0-1"]
[ICCResult "White checkmated"]
[WhiteElo "1694"]
[BlackElo "1958"]
[Opening "Vienna: `Frankenstein-Dracula' variation"]
[ECO "C27"]
[NIC "VG.02"]
[Time "16:38:58"]
[TimeControl "120+12"]

1. e4 e5 2. Nc3 Nf6 3. Bc4 Nxe4 4. Qh5 Nd6 5. Bb3 Nc6 6. Nb5 g6 7. Qf3 f5 8.
Qd5 Qe7 9. Nxc7+ Kd8 10. Nxa8 b6 11. d3 Bb7 12. Nxb6 axb6 13. Qf3 Na5 14.
Qg3 Bg7 15. Bg5 Bf6 16. Be3 Kc7 17. Bd2 f4 18. Qg4 Nc6 19. Nf3 Nd4 20. Nxd4
exd4+ 21. Kd1 g5 22. Re1 Qg7 23. Bb4 h5 24. Bxd6+ Kxd6 25. Qf5 Bxg2 26. Re2
Bf3 27. Ke1 Bxe2 28. Qd5+ Kc7 29. Kxe2 Re8+ 30. Kd1 Qe7 31. Qe4 Qxe4 32.
dxe4 Rxe4 33. f3 Re3 34. Bd5 d3 35. h3 Bxb2 36. Rb1 Bd4 37. Rb4 Bc5 38. Rb1
dxc2+ 39. Kxc2 Re2+ 40. Kd1 Rh2 41. Rc1 Rxh3 42. Rc2 Rh1+ 43. Kd2 Rh2+ 44.
Kd3 Rxc2 45. Kxc2 Kd6 46. Be4 g4 47. fxg4 hxg4 48. Bf5 g3 49. Be4 Ke5 50.
Bg2 d5 51. Kd3 Kf5 52. Bxd5 Kg4 53. Be6+ Kh4 54. Bd5 Kh3 55. Kc4 Kh2 56. a4
g2 57. Bxg2 Kxg2 58. a5 bxa5 59. Kxc5 f3 60. Kb5 f2 61. Kxa5 f1=Q 62. Kb4
Qc1 63. Kb5 Kf3 64. Kb6 Ke4 65. Kb5 Kd5 66. Kb6 Qc5+ 67. Ka6 Qb4 68. Ka7 Kc6
69. Ka6 Qb6# {White checkmated} 0-1

[Event "GambitGuide"]
[Site "Internet Chess Club"]
[Date "2014.10.31"]
[Round "1"]
[White "JSBach"]
[Black "yadav"]
[Result "1-0"]
[ICCResult "Black resigns"]
[WhiteElo "1709"]
[BlackElo "963"]
[Opening "Vienna: `Frankenstein-Dracula' variation"]
[ECO "C27"]
[NIC "VG.02"]
[Time "16:38:24"]
[TimeControl "120+12"]

1. e4 e5 2. Nc3 Nf6 3. Bc4 Nxe4 4. Qh5 Nd6 5. Bb3 Nc6 6. Nb5 g6 7. Qf3 f5 8.
Qd5 Qe7 9. Nxc7+ Kd8 10. Nxa8 b6 11. d3 Bb7 12. Nxb6 axb6 13. Qf3 Kc7 14.
Bd2 Nd4 15. Qg3 f4 16. Qg4 Qf6 17. Ba4 b5 18. Bb3 g5 19. Ba5+ Kc6 20. Nf3 h5
21. Nxd4+ exd4 22. Qe2 Bg7 23. O-O-O Re8 24. Qxh5 Nf5 25. Qxe8 {Black
resigns} 1-0

[Event "GambitGuide"]
[Site "Internet Chess Club"]
[Date "2014.10.31"]
[Round "1"]
[White "JSBach"]
[Black "hugo99"]
[Result "0-1"]
[ICCResult "White checkmated"]
[WhiteElo "1709"]
[BlackElo "1364"]
[Opening "Vienna: `Frankenstein-Dracula' variation"]
[ECO "C27"]
[NIC "VG.02"]
[Time "16:40:15"]
[TimeControl "120+12"]

1. e4 e5 2. Nc3 Nf6 3. Bc4 Nxe4 4. Qh5 Nd6 5. Bb3 Nc6 6. Nb5 g6 7. Qf3 f5 8.
Qd5 Qe7 9. Nxc7+ Kd8 10. Nxa8 b6 11. d3 Bb7 12. Nxb6 axb6 13. Qf3 Nd4 14.
Qg3 f4 15. Qg4 Qf6 16. Ba4 b5 17. Bb3 h5 18. Qh3 g5 19. Bd2 g4 20. Ba5+ Kc8
21. c3 gxh3 22. cxd4 e4 23. Rc1+ Kb8 24. Nxh3 exd3 25. O-O f3 26. Rfd1 fxg2
27. Rxd3 Bh6 28. Rc7 Re8 29. Rxd7 Qf5 30. Rxd6 Qxd3 31. Rd8+ Rxd8 32. Bc4
bxc4 33. Bc7+ Kxc7 34. f3 Qf1# {White checkmated} 0-1

[Event "GambitGuide"]
[Site "Internet Chess Club"]
[Date "2014.10.31"]
[Round "1"]
[White "JSBach"]
[Black "fishhead"]
[Result "1-0"]
[ICCResult "Black resigns"]
[WhiteElo "1709"]
[BlackElo "1597"]
[Opening "Vienna: `Frankenstein-Dracula' variation"]
[ECO "C27"]
[NIC "VG.02"]
[Time "16:40:00"]
[TimeControl "120+12"]

1. e4 e5 2. Nc3 Nf6 3. Bc4 Nxe4 4. Qh5 Nd6 5. Bb3 Nc6 6. Nb5 g6 7. Qf3 f5 8.
Qd5 Qe7 9. Nxc7+ Kd8 10. Nxa8 b6 11. d3 Bb7 12. Nxb6 axb6 13. Qf3 Nd4 14.
Qh3 f4 15. Ba4 N6f5 16. c3 Ne6 17. Nf3 Bg7 18. Bb5 d5 19. Qg4 Qf6 20. Bd2 h5
21. Qh3 g5 22. d4 e4 23. Ne5 g4 24. Nxg4 hxg4 25. Qxg4 e3 26. Bc1 exf2+ 27.
Kxf2 Ne3 28. Qe2 Bh6 29. Qh5 Ng7 30. Qh3 Ngf5 31. Bd2 Bg5 32. Qf3 Re8 33.
Bxe8 Kxe8 34. Rhe1 Kf7 35. Kg1 Nh4 36. Qh5+ Kg7 37. Bxe3 fxe3 38. Rf1 Qg6
39. Qg4 Kh6 40. g3 {Black resigns} 1-0

[Event "GambitGuide"]
[Site "Internet Chess Club"]
[Date "2014.10.31"]
[Round "1"]
[White "JSBach"]
[Black "leonardoalmeida"]
[Result "0-1"]
[ICCResult "White checkmated"]
[WhiteElo "1709"]
[BlackElo "1834"]
[Opening "Vienna: `Frankenstein-Dracula' variation"]
[ECO "C27"]
[NIC "VG.02"]
[Time "16:41:00"]
[TimeControl "120+12"]

1. e4 e5 2. Nc3 Nf6 3. Bc4 Nxe4 4. Qh5 Nd6 5. Bb3 Nc6 6. Nb5 g6 7. Qf3 f5 8.
Qd5 Qe7 9. Nxc7+ Kd8 10. Nxa8 b6 11. d3 Bb7 12. Nxb6 axb6 13. Qf3 Nd4 14.
Qg3 f4 15. Qg4 Qf6 16. Ba4 Bc6 17. Bb3 h5 18. Qh3 Be7 19. Bd2 g5 20. f3 Qg7
21. Kd1 g4 22. fxg4 hxg4 23. Qxh8+ Qxh8 24. h4 Bxg2 25. Rh2 Bf3+ 26. Nxf3
Nxf3 27. Rh1 Nxd2 28. Kxd2 Qh5 29. Rag1 g3 30. Rg2 Nf5 31. Re2 Nd4 32. Rg2
Qf3 33. Rhg1 Bxh4 34. Bf7 Be7 35. a3 Qe3+ 36. Kd1 f3 37. Bd5 fxg2 38. Rxg2
Bg5 39. a4 Qc1# {White checkmated} 0-1

[Event "GambitGuide"]
[Site "Internet Chess Club"]
[Date "2014.10.31"]
[Round "1"]
[White "JSBach"]
[Black "luckypawns"]
[Result "0-1"]
[ICCResult "White checkmated"]
[WhiteElo "1709"]
[BlackElo "1815"]
[Opening "Vienna: `Frankenstein-Dracula' variation"]
[ECO "C27"]
[NIC "VG.02"]
[Time "16:40:50"]
[TimeControl "120+12"]

1. e4 e5 2. Nc3 Nf6 3. Bc4 Nxe4 4. Qh5 Nd6 5. Bb3 Nc6 6. Nb5 g6 7. Qf3 f5 8.
Qd5 Qe7 9. Nxc7+ Kd8 10. Nxa8 b6 11. d3 Bb7 12. Nxb6 axb6 13. Qf3 Nd4 14.
Qg3 Bg7 15. Bg5 Bf6 16. Bxf6 Qxf6 17. Ba4 b5 18. Bb3 h5 19. c3 g5 20. cxd4
f4 21. Qh3 g4 22. Rc1 gxh3 23. Nxh3 Bxg2 24. Rg1 Bxh3 25. d5 Bf5 26. Ke2 e4
27. dxe4 Nxe4 28. Bc2 Qxb2 29. Kf3 Nd2+ 30. Ke2 Bxc2 31. h3 Ne4 32. Kf3 Rf8
33. Rge1 Ng5+ 34. Kg2 Be4+ 35. Kf1 Bxd5 36. Rc5 Bc4+ 37. Kg2 f3+ 38. Kh1
Qxf2 39. Rg1 Nxh3 40. Rgg5 Qxa2 41. Rxb5 Bxb5 42. Rg1 Nxg1 43. Kxg1 Qg2#
{White checkmated}
0-1

[Event "GambitGuide"]
[Site "Internet Chess Club"]
[Date "2014.10.31"]
[Round "1"]
[White "JSBach"]
[Black "Heian"]
[Result "0-1"]
[ICCResult "White checkmated"]
[WhiteElo "1709"]
[BlackElo "1548"]
[Opening "Vienna: `Frankenstein-Dracula' variation"]
[ECO "C27"]
[NIC "VG.02"]
[Time "16:41:36"]
[TimeControl "120+12"]

1. e4 e5 2. Nc3 Nf6 3. Bc4 Nxe4 4. Qh5 Nd6 5. Bb3 Nc6 6. Nb5 g6 7. Qf3 f5 8.
Qd5 Qe7 9. Nxc7+ Kd8 10. Nxa8 b6 11. d3 Bb7 12. Nxb6 axb6 13. Qf3 Kc7 14.
Bd2 Nd4 15. Qg3 f4 16. Qg4 Qf6 17. Ba4 b5 18. Bb3 h5 19. Qh3 g5 20. Ba5+ Kc8
21. f3 N4f5 22. O-O-O Ne3 23. Re1 Ndf5 24. Ne2 g4 25. fxg4 hxg4 26. Qxh8
Qxh8 27. Nc3 Bxg2 28. Nxb5 Bxh1 29. Rxh1 g3 30. d4 g2 31. Rg1 Qxh2 32. Na7+
Kb7 33. Re1 g1=Q 34. Rxg1 Qxg1+ 35. Kd2 Qd1+ 36. Kc3 exd4# {White
checkmated} 0-1

[Event "GambitGuide"]
[Site "Internet Chess Club"]
[Date "2014.10.31"]
[Round "1"]
[White "JSBach"]
[Black "parrot9"]
[Result "1-0"]
[ICCResult "Black resigns"]
[WhiteElo "1709"]
[BlackElo "1372"]
[Opening "Vienna: `Frankenstein-Dracula' variation"]
[ECO "C27"]
[NIC "VG.02"]
[Time "16:41:37"]
[TimeControl "120+12"]

1. e4 e5 2. Nc3 Nf6 3. Bc4 Nxe4 4. Qh5 Nd6 5. Bb3 Nc6 6. Nb5 g6 7. Qf3 f5 8.
Qd5 Qe7 9. Nxc7+ Kd8 10. Nxa8 b6 11. d3 e4 12. dxe4 Nxe4 13. Be3 f4 14. Nxb6
fxe3 15. O-O-O Nxf2 16. Qxc6 axb6 17. Qxb6+ Ke8 18. Qc7 Nxh1 19. Qxc8+ Qd8
20. Qc3 e2 21. Nxe2 Nf2 22. Re1 {Black resigns} 1-0